 Dungeon Crawl Stone Soup version 0.26.0-9-gab577f9fc5 (webtiles) character file.

Game seed: 10829447057850326774

6913 DocSulfur the Cleaver (level 10, -19/67 HPs)
             Began as a Demonspawn Gladiator on Jan 14, 2021.
             Was an Elder of Kikubaaqudgha.
             Killed from afar by an orc warrior (63 damage)
             ... with an exploding inner flame
             ... on level 10 of the Dungeon.
             The game lasted 00:26:08 (9922 turns).

DocSulfur the Cleaver (Demonspawn Gladiator)        Turns: 9922, Time: 00:26:08

Health: -19/67     AC: 15    Str: 16    XL:     10   Next: 79%
Magic:  10/10      EV: 11    Int: 13    God:    Kikubaaqudgha [****..]
Gold:   93         SH:  5    Dex: 15    Spells: 5/9 levels left

rFire    x . .     SeeInvis .   a - +0 war axe
rCold    + + .     Faith    .   O - +0 buckler
rNeg     . . .     Spirit   .   E - +3 scale mail of Kuwkut {Rampage Slay+3}
rPois    .         Reflect  .   A - +2 helmet
rElec    .         Harm     .   y - scarf {repulsion}
rCorr    .         Rampage  +   x - +0 pair of gloves
Will     .....                  (boots unavailable)
Stlth    ..........             C - amulet of regeneration
HPRegen  0.61/turn              n - ring of protection from cold
MPRegen  0.12/turn              o - ring of ice

@: studying Earth Magic, repel missiles
A: hooves 3, demonic guardian 1, miasma immunity, big brain 1
a: Renounce Religion, Receive Corpses


You were on level 10 of the Dungeon.
You worshipped Kikubaaqudgha.
Kikubaaqudgha was greatly pleased with you.
You visited 2 branches of the dungeon, and saw 11 of its levels.

You collected 593 gold pieces.
You spent 500 gold pieces at shops.

Inventory:

Hand Weapons
 a - a +0 war axe (weapon)
 u - a +1 flail of holy wrath
 G - a +2 vorpal flail
Missiles
 d - 4 throwing nets
 g - 5 boomerangs (quivered)
 j - 40 poisoned darts
 p - 4 javelins
 H - 7 boomerangs of dispersal
Armour
 x - a +0 pair of gloves (worn)
 y - a scarf of repulsion (worn)
 A - a +2 helmet (worn)
 E - the +3 scale mail of Kuwkut (worn) {Rampage Slay+3}
   (You found it on level 4 of the Dungeon)

   It affects your accuracy and damage with ranged weapons and melee attacks
   (+3).
   It bestows one free step when moving towards enemies.
 O - a +0 buckler (worn)
Jewellery
 b - an uncursed ring of stealth
 h - an uncursed ring of poison resistance
 n - a ring of protection from cold (left hand)
 o - a ring of ice (right hand)
 C - an amulet of regeneration (around neck)
Wands
 J - a wand of acid (5)
 Q - a wand of digging (6)
Scrolls
 e - 3 scrolls of enchant armour
 i - 5 scrolls of enchant weapon
 m - a scroll of summoning {unknown}
 q - 2 scrolls of immolation
 r - 12 scrolls of remove curse
 w - 5 scrolls of teleportation
 M - a scroll of blinking
 N - 3 scrolls of fear
Potions
 c - 2 potions of cancellation {unknown}
 f - a potion of haste {unknown}
 k - 3 potions of berserk rage
 s - 6 potions of curing
 t - a potion of invisibility {unknown}
 v - 5 potions of heal wounds
 z - 2 potions of ambrosia
 B - a potion of might {unknown}
 D - 3 potions of attraction
 F - 2 potions of flight {unknown}
 I - 4 potions of resistance
 L - a potion of magic {unknown}
 P - a potion of brilliance {unknown}
 R - a potion of lignification
 S - a potion of mutation
Books
 l - a manual of Earth Magic
Miscellaneous
 K - a tin of tremorstones (2/2)


   Skills:
 - Level 2.0 Fighting
 * Level 12.2 Axes
 - Level 6.0 Throwing
 + Level 5.5 Armour
 - Level 2.6 Dodging
 - Level 4.0 Shields


You had 5 spell levels left.
You knew the following spells:

 Your Spells              Type           Power        Failure   Level
a - Dispel Undead         Necr           0%           100%        4

Your spell library contained the following spells:

 Spells                   Type           Power        Failure   Level
 Animate Skeleton         Necr           0%           69%         1
 Magic Dart               Conj           0%           69%         1
 Pain                     Necr           0%           69%         1
 Searing Ray              Conj           0%           83%         2
 Sublimation of Blood     Necr           0%           83%         2
 Dazzling Flash           Conj/Hex       0%           96%         3
 Vampiric Draining        Necr           0%           96%         3
 Animate Dead             Necr           0%           100%        4
 Fulminant Prism          Conj/Hex       0%           100%        4
 Iskenderun's Mystic Bla  Conj/Tloc      0%           100%        4
 Borgnjor's Vile Clutch   Necr/Erth      0%           100%        5
 Death Channel            Necr           0%           100%        6
 Simulacrum               Ice/Necr       0%           100%        6


Dungeon Overview and Level Annotations

Branches:
Dungeon (10/15)            Temple (1/1) D:5
   Lair: D:8-11         Orc: D:9-12

Altars:
Ashenzari
Cheibriados
Dithmenos
Elyvilon
Fedhas
Gozag
Hepliaklqana
Kikubaaqudgha
Makhleb
Nemelex Xobeh
Okawaru
Qazlal
Ru
Sif Muna
Trog
Uskayaw
Vehumet
Wu Jian
Xom
Yredelemnul
Zin
The Shining One

Shops:
D:9 }(=!


Innate Abilities, Weirdness & Mutations

You have hooves in place of feet.
A weak demonic guardian rushes to your aid.
You are immune to miasma.
You have an unusually large brain. (Int +2)


Message History

Your shadow imp closely misses the orc warrior.
The orc priest looks satisfied for a moment.
You closely miss the orc warrior. Your kick misses the orc warrior.
The orc warrior is moderately wounded.
Your shadow imp closely misses the orc warrior.
The orc warrior is engulfed in blazing flames.
Flame seeps out of the orc warrior.
The orc warrior barely misses your shadow imp.
You closely miss the orc warrior. You kick the orc warrior.
Kikubaaqudgha accepts your kill.
The orc warrior explodes!
The fiery explosion engulfs the orc warrior!!
Kikubaaqudgha accepts your kill.
Your demonic guardian avoids your attack.
The fiery explosion engulfs the orc!!
Kikubaaqudgha accepts your kill. The fiery explosion engulfs you!!!
The fire burns you terribly!
Ouch! That really hurt!
You die...
Kikubaaqudgha rasps: "You have failed me!
Welcome... death!"

≈≈≈......###.##
≈≈≈≈..##.# ######
≈≈≈≈.. #.# #.o$o#
≈≈≈≈...#.###oooo#
≈≈≈.≈......#oOoo#
.≈.....###.#


ooo# ....... #.# §)# ..... #.####°# ##### #....5@# ######## You could see 2 orc
warriors, an ogre (inner flame), an orc priest (inner flame), 9 orcs and a
friendly shadow imp (summoned, inner flame).

Vanquished Creatures
  Pikel (D:4)
  Maggie (D:9)
  A polar bear (D:10)
  A troll (D:9)
  Grinder (D:4)
  15 yaks
  Sigmund (D:6)
  A steam dragon (D:9)
  2 sky beasts (D:9)
  3 orc warriors
  2 phantoms
  3 ice beasts
  An ogre (D:6)
  A centaur (D:10)
  A big kobold (D:7)
  4 bullfrogs
  5 killer bees (D:7)
  7 wights
  2 howler monkeys (D:7)
  An electric eel (D:10)
  A bullfrog zombie (D:6)
  A jelly (D:8)
  5 hounds
  5 orc priests
  An orc wizard (D:5)
  Terence (D:3)
  A bullfrog skeleton (D:4)
  Natasha (twice) (D:4)
  10 worker ants
  A killer bee zombie (D:7)
  A centaur simulacrum (D:10)
  A hound zombie (D:6)
  A hound skeleton (D:4)
  Robin (D:3)
  A howler monkey skeleton (D:9)
  A howler monkey zombie (D:6)
  5 gnolls
  6 adders
  3 shadow imps
  3 white imps
  An ufetubus (D:10)
  2 oozes
  An adder skeleton (D:6)
  An adder zombie (D:6)
  3 worms
  A dart slug (D:1)
  3 leopard geckos
  18 orcs
  6 bats
  7 giant cockroaches
  18 goblins
  11 hobgoblins
  6 jackals
  A quokka (D:2)
  2 ball pythons
  5 frilled lizards
  A giant cockroach zombie (D:6)
  20 kobolds
  A leopard gecko skeleton (D:9)
  A quokka skeleton (D:4)
  5 rats
219 creatures vanquished.

Vanquished Creatures (collateral kills)
  A yak (D:8)
  Edmund (D:5)
  An ogre (D:5)
  A wolf (D:10)
  A lemure (D:4)
  A bullfrog (D:4)
  A water moccasin zombie (D:7)
  A wight (D:6)
  A hound skeleton (D:4)
  A gnoll (D:3)
  A howler monkey skeleton (D:9)
  A dart slug (D:3)
  A goblin (D:3)
  A frilled lizard (D:3)
  4 kobolds
18 creatures vanquished.

Vanquished Creatures (others)
  21 plants (D:7)
21 creatures vanquished.

Grand Total: 258 creatures vanquished

Notes
Turn   | Place    | Note
-------+----------+-------------------------------------------
     0 | D:1      | DocSulfur the Demonspawn Gladiator began the quest for the
                  | Orb.
     0 | D:1      | Reached XP level 1. HP: 16/16 MP: 1/1
   144 | D:1      | Reached skill level 3 in Axes
   163 | D:1      | Gained mutation: A weak demonic guardian rushes to your
                  | aid. [demonic ancestry]
   163 | D:1      | Reached XP level 2. HP: 21/22 MP: 2/2
   777 | D:2      | Gained mutation: You have large cloven feet. [demonic
                  | ancestry]
   777 | D:2      | Reached XP level 3. HP: 22/27 MP: 3/3
  1203 | D:2      | Reached skill level 4 in Axes
  1213 | D:2      | Found an ancient bone altar of Kikubaaqudgha.
  1224 | D:2      | Gained mutation: You have hoof-like feet. [demonic
                  | ancestry]
  1224 | D:2      | Reached XP level 4. HP: 32/33 MP: 4/4
  1261 | D:2      | Became a worshipper of Kikubaaqudgha
  1866 | D:3      | Noticed Robin
  1872 | D:3      | Reached * piety under Kikubaaqudgha
  1872 | D:3      | Identified Kikubaaqudgha's Reference Book on Sinister Magic
                  | (Kikubaaqudgha gifted it to you on level 3 of the Dungeon)
  1872 | D:3      | Received a gift from Kikubaaqudgha
  1873 | D:3      | Killed Robin
  2397 | D:3      | Gained mutation: You have an unusually large brain. (Int
                  | +2) [demonic ancestry]
  2397 | D:3      | Reached XP level 5. HP: 31/38 MP: 5/5
  2629 | D:3      | Noticed Terence
  2640 | D:3      | Killed Terence
  2802 | D:4      | Reached skill level 5 in Axes
  2871 | D:4      | Noticed Natasha
  2878 | D:4      | Killed Natasha
  3189 | D:4      | Reached XP level 6. HP: 44/44 MP: 6/6
  3218 | D:4      | Reached ** piety under Kikubaaqudgha
  3223 | D:4      | Noticed Natasha
  3233 | D:4      | Killed Natasha
  3242 | D:4      | Got a fine scale mail
  3252 | D:4      | Identified the +3 scale mail of Kuwkut {Rampage Slay+3}
                  | (You found it on level 4 of the Dungeon)
  3345 | D:4      | Noticed Pikel
  3358 | D:4      | Killed Pikel
  3359 | D:4      | Reached skill level 6 in Axes
  3359 | D:4      | Reached XP level 7. HP: 44/50 MP: 7/7
  3489 | D:4      | Reached skill level 7 in Axes
  3603 | D:4      | Noticed Grinder
  3610 | D:4      | Killed Grinder
  3611 | D:4      | Reached skill level 5 in Throwing
  3611 | D:4      | Gained mutation: You have hooves in place of feet. [demonic
                  | ancestry]
  3611 | D:4      | Reached XP level 8. HP: 40/56 MP: 8/8
  3932 | D:5      | Entered Level 5 of the Dungeon
  4183 | D:5      | Found a staircase to the Ecumenical Temple.
  4192 | Temple   | Entered the Ecumenical Temple
  4487 | D:5      | Reached skill level 8 in Axes
  4749 | D:5      | Noticed Edmund
  4760 | D:5      | Killed Edmund
  5291 | D:6      | Reached skill level 9 in Axes
  5816 | D:6      | Reached *** piety under Kikubaaqudgha
  5816 | D:6      | Identified Kikubaaqudgha's Guide on Evil Secrets
                  | (Kikubaaqudgha gifted it to you on level 6 of the Dungeon)
  5816 | D:6      | Received a gift from Kikubaaqudgha
  5817 | D:6      | Reached XP level 9. HP: 57/61 MP: 9/9
  5832 | D:6      | Learned a level 4 spell: Dispel Undead
  5995 | D:6      | Noticed Sigmund
  6003 | D:6      | Killed Sigmund
  6004 | D:6      | Reached skill level 1 in Armour
  6317 | D:6      | Reached skill level 10 in Axes
  7408 | D:7      | Found Vouxt's Gadget Boutique.
  7824 | D:7      | Identified a scroll of acquirement
  7824 | D:7      | Acquired a manual of Earth Magic
  8026 | D:8      | Reached **** piety under Kikubaaqudgha
  8031 | D:8      | Reached skill level 11 in Axes
  8189 | D:8      | Gained mutation: You are immune to miasma. [demonic
                  | ancestry]
  8189 | D:8      | Reached XP level 10. HP: 43/67 MP: 10/10
  8459 | D:8      | Found a blossoming altar of Fedhas.
  8597 | D:8      | Found a bloodstained altar of Trog.
  8598 | D:8      | Found a shimmering altar of Xom.
  8599 | D:8      | Found a sparkling altar of Nemelex Xobeh.
  8599 | D:8      | Found a sacrificial altar of Ru.
  8599 | D:8      | Found a glowing golden altar of the Shining One.
  8610 | D:8      | Found a stormy altar of Qazlal.
  8610 | D:8      | Found a blossoming altar of Fedhas.
  8832 | D:9      | Reached skill level 1 in Shields
  8951 | D:9      | Noticed Maggie
  8965 | D:9      | Killed Maggie
  9019 | D:9      | Found a basalt altar of Yredelemnul.
  9026 | D:9      | Found Beloes's Antique Weapon Shoppe.
  9239 | D:9      | Found Nyon's Jewellery Shop.
  9319 | D:9      | Reached skill level 5 in Armour
  9417 | D:9      | Found Jufyre's Distillery.
  9422 | D:9      | Bought 2 potions of degeneration for 20 gold pieces
  9422 | D:9      | Bought a potion of lignification for 30 gold pieces
  9422 | D:9      | Bought a potion of mutation for 80 gold pieces
  9422 | D:9      | Bought a potion of heal wounds for 50 gold pieces
  9422 | D:9      | Bought a potion of curing for 30 gold pieces
  9426 | D:9      | Bought a potion of resistance for 100 gold pieces
  9426 | D:9      | Bought a potion of ambrosia for 80 gold pieces
  9426 | D:9      | Bought 2 potions of attraction for 60 gold pieces
  9426 | D:9      | Bought a potion of berserk rage for 50 gold pieces
  9650 | D:9      | Found Zuddynon's Gadget Shoppe.
  9837 | D:10     | Entered Level 10 of the Dungeon
  9845 | D:10     | Reached skill level 12 in Axes
  9922 | D:10     | Killed from afar by an orc warrior

Illustrated notes

Levels and vault maps discovered:
D:1:      kennysheep_arrival_forest, layout_basic, grunt_decor_junction
D:2:      layout_rooms, kiku_gazebo_garden_becter
D:3:      layout_basic, minmay_misc_feat_room, uniq_robin, uniq_terence
D:4:      layout_basic, serial_curves, eino_curves_03, eino_curves_01,
          eino_curves_01, eino_curves_03, uniq_grinder, uniq_natasha, uniq_pikel
D:5:      layout_layer_cave, minmay_temple_entry_purple_smoke, uniq_edmund
D:6:      layout_layer_cave, uniq_sigmund
D:7:      kennysheep_kobold_camp, layout_loops_corners, serial_shops, shop,
          hex_tiny, minmay_misc_feat_enclosed, kennysheep_big_empty_room
D:8:      argonaut_augean_stables, layout_loops_ring,
          grunt_temple_overflow_forces_of_nature, grunt_temple_overflow_open,
          st_stairs_13, fedhas_altar_2
D:9:      layout_basic, serial_shops, nicolae_shop_statue_plus, shop, shop,
          shop, basic_altar, uniq_maggie
D:10:     layout_rooms, david_lair_shrubbed, david_orc_4, special_room
          [special_room_orc], serial_ice, serial_ice_j, serial_ice_m,
          serial_ice_f, serial_ice_c, nicolae_elemental_shop
Temple:   eino_temple_water

Skill      XL: |  1  2  3  4  5  6  7  8  9 10 |
---------------+-------------------------------+-----
Axes           | 3 4 5 6 7 9 11 12 | 12.2
Throwing       | 2 3 4 5 6 |  6.0
Armour         | 4 5 |  5.5
Shields        | 4 |  4.0
Fighting       | |  2.0
Dodging        | |  2.6

Action                   |  1- 3 |  4- 6 |  7- 9 | 10-12 || total
-------------------------+-------+-------+-------+-------++-------
Melee: War axe           |    87 |   128 |   276 |   157 ||   648
       Kick              |     8 |    32 |    94 |    60 ||   194
Throw: Boomerang         |    20 |       |       |     5 ||    25
       Javelin           |       |     4 |     8 |     7 ||    19
       Dart              |       |     2 |     7 |       ||     9
  Use: Scroll            |       |       |     9 |     1 ||    10
 Stab: Distracted        |       |       |     2 |       ||     2
Armor: Leather armour    |    13 |       |       |       ||    13
       Ring mail         |    10 |       |       |       ||    10
       Chain mail        |    23 |    89 |       |       ||   112
       Scale mail        |       |     6 |   101 |    64 ||   171
Dodge: Dodged            |    68 |    69 |   120 |    63 ||   320
       Repelled          |       |       |       |     1 ||     1
Block: Buckler           |       |       |       |    23 ||    23
